 Dungeon Crawl Stone Soup version 0.21-a0-516-gaaff437 (webtiles) character file.

2734 Gerstahl the Fighter (level 9, -3/75 HPs)
             Began as a Demonspawn Gladiator on Dec 3, 2017.
             Slain by a hornet (13 damage)
             ... while paralysed by a hornet
             ... on level 7 of the Dungeon.
             The game lasted 00:17:34 (8779 turns).

Gerstahl the Fighter (Demonspawn Gladiator)         Turns: 8779, Time: 00:17:35

Health: -3/75      AC:  4    Str: 14    XL:     9   Next: 40%
Magic:  13/13      EV:  2    Int: 11    God:
Gold:   346        SH:  0    Dex: 17    Spells: 8/8 levels left

rFire    . . .     SeeInvis .   a - +1 quarterstaff
rCold    . . .     Gourm    .   (shield currently unavailable)
rNeg     . . .     Faith    .   b - +0 leather armour
rPois    .         Spirit   .   c - +0 helmet
rElec    .         Reflect  .   (no cloak)
rCorr    .         Harm     .   (no gloves)
MR       .....                  (no boots)
Stlth    ++........             (no amulet)
HPRegen  0.22/turn              (no ring)
MPRegen  0.13/turn              (no ring)

@: paralysed, lethally poisoned (-3 -> -38), slowed
A: hooves 2, nightstalker 1, powered by pain 2
a: no special abilities


You were on level 7 of the Dungeon.
You were near starving.

You visited 1 branch of the dungeon, and saw 7 of its levels.
You also visited: Sewer.

You collected 346 gold pieces.

Inventory:

Hand Weapons
 a - a +1 quarterstaff (weapon)
Missiles
 d - a throwing net (quivered)
Armour
 b - a +0 leather armour (worn)
 c - a +0 helmet (worn)
 v - a +0 pair of boots
 D - a +0 animal skin
Jewellery
 n - an uncursed ring of protection from magic {unknown}
 r - a cursed -3 ring of intelligence {unknown}
 C - an uncursed amulet of magic regeneration {unknown}
Wands
 e - a wand of clouds (4)
 m - a wand of polymorph (8)
 F - a wand of iceblast (6)
Scrolls
 g - a scroll of fog
 i - 6 scrolls of identify
 k - a scroll of enchant weapon
 l - a scroll of amnesia
 o - 5 scrolls of remove curse
 s - 2 scrolls of immolation
 t - 2 scrolls of noise {unknown}
 y - a scroll of summoning {unknown}
 E - a scroll of random uselessness {unknown}
Potions
 h - 4 potions of flight {unknown}
 p - 2 potions of brilliance {unknown}
 u - 3 potions of mutation {unknown}
 w - a potion of resistance {unknown}
 x - 2 potions of agility {unknown}
 z - a potion of might {unknown}
 B - 2 potions of curing {unknown}
Comestibles
 f - 2 bread rations
 j - a fruit
 q - a meat ration


   Skills:
 + Level 8.3 Fighting
 + Level 7.9 Staves
 - Level 1.7 Throwing
 + Level 0.7 Armour
 + Level 2.9 Dodging
 + Level 5.6 Evocations


You had 8 spell levels left.
You didn't know any spells.

Dungeon Overview and Level Annotations

Branches:
Dungeon (7/15)
 Temple: D:4-7

Altars:
Cheibriados
Dithmenos
Hepliaklqana
Wu Jian
The Shining One

Shops:
D:7 [


Innate Abilities, Weirdness & Mutations

You have hoof-like feet.
You are slightly more attuned to the shadows.
You sometimes gain power by taking damage.


Message History

You feel very sick.
The hornet struggles against the net. x2
You hit the hornet but do no damage.
The hornet is moderately wounded.
You feel very sick.
The hornet struggles against the net. x2
The net rips apart, and the hornet comes free!
You sock the hornet!
The hornet is severely wounded.
You feel very sick. The hornet stings you.
* * * LOW HITPOINT WARNING * * *
You suddenly lose the ability to move!
The hornet stings you.
* * * LOW HITPOINT WARNING * * *
You are more poisoned.
You feel as though you will be slow longer.
* * * LOW HITPOINT WARNING * * *
You feel very sick. The hornet stings you!
You die...

.###..#.#..........#
..###.#.#..........#
........####.#...###
..........##.#.#.#
#......##......#.########
####...#####.....##.....#
#.#..## #.#...##.....#
#.....###.#..........#
...............@##.....#
..#.............y.#.....#
......[...(.............#
..#..#..........#.#######
..#..#..........#.# ..
##.........#.#
..........#..# ......##(#
..


You could see a hornet.

Vanquished Creatures
  Pikel (D:6)
  The ghost of Gerstahl the Twirler, an amateur DsGl (D:3)
  Edmund (D:6)
  An orc warrior (D:5)
  2 sky beasts
  Duvessa (D:6)
  A phantom (D:5)
  2 slaves (D:6)
  A black bear (D:7)
  2 centaurs
  The ghost of Thaneod the Gusty, an amateur DEAE (Sewer)
  Dowan (D:6)
  A scorpion (D:5)
  A centaur zombie (D:6)
  3 hounds
  7 orc priests
  2 bullfrog skeletons
  2 orc wizards
  8 worker ants
  3 iguanas
  A hound zombie (D:5)
  A worker ant zombie (D:5)
  4 gnolls (D:5)
  14 adders
  7 river rats (Sewer)
  2 oozes
  An adder zombie (D:6)
  6 worms
  2 dart slugs (D:1)
  5 leopard geckos
  13 orcs
  4 bats
  4 giant cockroaches
  10 goblins
  6 hobgoblins
  4 jackals (D:2)
  3 quokkas
  5 ball pythons
  5 frilled lizards
  30 kobolds
  24 rats
193 creatures vanquished.

Notes
Turn   | Place    | Note
-------+----------+-------------------------------------------
     0 | D:1      | Gerstahl the Demonspawn Gladiator began the quest for the Orb.
     0 | D:1      | Reached XP level 1. HP: 16/16 MP: 1/1
   236 | D:1      | Gained mutation: You sometimes gain a little power by taking damage. [demonic ancestry]
   236 | D:1      | Reached XP level 2. HP: 21/23 MP: 2/2
   930 | D:2      | Reached XP level 3. HP: 21/28 MP: 3/3
   935 | D:2      | Reached skill level 3 in Fighting
  1134 | D:2      | Reached XP level 4. HP: 24/35 MP: 4/4
  1665 | D:2      | Found a snail-covered altar of Cheibriados.
  1665 | D:2      | Found an ornate altar of the Wu Jian Council.
  1673 | D:2      | Found a shadowy altar of Dithmenos.
  1675 | D:2      | Found a hazy altar of Hepliaklqana.
  1676 | D:2      | Found a glowing golden altar of the Shining One.
  1933 | D:3      | Noticed Gerstahl's ghost (amateur DsGl)
  2696 | D:3      | Reached skill level 4 in Fighting
  2696 | D:3      | Reached XP level 5. HP: 33/42 MP: 5/5
  2900 | D:3      | Killed Gerstahl's ghost
  2900 | D:3      | Gained mutation: You are slightly more attuned to the shadows. [demonic ancestry]
  2900 | D:3      | Reached XP level 6. HP: 41/50 MP: 6/6
  2909 | D:3      | Reached skill level 5 in Fighting
  2909 | D:3      | Reached skill level 5 in Staves
  4055 | D:4      | Gained mutation: You sometimes gain power by taking damage. [demonic ancestry]
  4055 | D:4      | Reached XP level 7. HP: 54/56 MP: 7/7
  4583 | D:4      | You fall through a shaft for 2 floors!
  4744 | D:6      | Found a glowing drain.
  4756 | Sewer    | Entered a sewer
  4759 | Sewer    | Noticed Thaneod's ghost (amateur DEAE)
  4775 | Sewer    | Killed Thaneod's ghost
  4775 | Sewer    | Reached skill level 6 in Fighting
  5032 | Sewer    | Reached skill level 1 in Evocations
  5434 | Sewer    | HP: 2/58 [river rat (8)]
  5845 | D:5      | Entered Level 5 of the Dungeon
  6492 | D:5      | Gained mutation: You have large cloven feet. [demonic ancestry]
  6492 | D:5      | Reached XP level 8. HP: 42/65 MP: 8/10
  6932 | D:5      | Reached skill level 7 in Fighting
  7276 | D:6      | Noticed Edmund
  7277 | D:6      | Noticed Duvessa
  7278 | D:6      | Noticed Dowan
  7362 | D:6      | Noticed Pikel
  7381 | D:6      | Killed Pikel
  7460 | D:6      | Gained mutation: You have hoof-like feet. [demonic ancestry]
  7460 | D:6      | Reached XP level 9. HP: 53/74 MP: 12/12
  7622 | D:6      | Killed Edmund
  7628 | D:6      | Killed Duvessa
  7628 | D:6      | Reached skill level 8 in Fighting
  7628 | D:6      | Reached skill level 5 in Evocations
  7635 | D:6      | Killed Dowan
  8726 | D:7      | Found Mibly's Armour Shop.
  8764 | D:7      | Paralysed by a hornet for 1 turns
  8772 | D:7      | Paralysed by a hornet for 2 turns
  8778 | D:7      | Paralysed by a hornet for 2 turns
  8779 | D:7      | Slain by a hornet

Vault maps used:
D:1:      dpeg_arrival_castle
D:2:      chequers_temple_overflow_minitemple
D:3:      wad_river_or_something
D:5:      first_bread, minmay_misc_feat_rows, bh_walls_and_bars
D:6:      cheibrodos_sewer_entry_drain, uniq_pikel, uniq_duvessa, uniq_edmund
D:7:      minmay_temple_entry_nine_rooms, serial_shops,
          nicolae_shop_behind_doors, grunt_ogre_cave
Sewer:    sewer_minmay_treatment

Skill      XL: |  1  2  3  4  5  6  7  8  9 |
---------------+----------------------------+-----
Staves         | 3 4 5 6 7 |  7.9
Fighting       | 3 4 5 6 7 8 |  8.3
Evocations     | 2 4 5 |  5.6
Throwing       | |  1.7
Armour         | |  0.7
Dodging        | |  2.9

Action                   |  1- 3 |  4- 6 |  7- 9 || total
-------------------------+-------+-------+-------++-------
Melee: Quarterstaff      |    63 |   228 |   416 ||   707
       Kick              |       |       |    46 ||    46
Throw: Throwing net      |       |       |     2 ||     2
Evoke: Wand              |       |       |     1 ||     1
  Use: Potion            |       |     4 |    10 ||    14
       Scroll            |       |     1 |     8 ||     9
 Stab: Sleeping          |       |     5 |     6 ||    11
       Distracted        |       |       |     1 ||     1
       Held in net/web   |       |       |     1 ||     1
  Eat: Chunk             |     1 |     6 |    15 ||    22
       Royal jelly       |       |     1 |       ||     1
Armor: Leather armour    |    12 |    68 |    88 ||   168
       Skin              |       |     7 |       ||     7
Dodge: Dodged            |    43 |   133 |   383 ||   559

Table legend:
 A = Spawn XP
 B = Non-spawn XP
 C = Spawn XP percentage of total XP
 D = Spawn monster count
 E = Non-spawn monster count
 F = Spawn count percentage of total count
 G = Total turns spent on level
                    A         B        C        D         E        F      G
               +---------+---------+-------+---------+---------+-------+---------
         Total |       0 |    3907 |   0.0 |       0 |     191 |   0.0 |  8779
               +---------+---------+-------+---------+---------+-------+---------
           D:1 |       0 |      37 |   0.0 |       0 |      19 |   0.0 |   845
           D:2 |       0 |     113 |   0.0 |       0 |      25 |   0.0 |  1532
           D:3 |       0 |     390 |   0.0 |       0 |      37 |   0.0 |  1181
           D:4 |       0 |     301 |   0.0 |       0 |      14 |   0.0 |  1202
           D:5 |       0 |     763 |   0.0 |       0 |      19 |   0.0 |  1201
           D:6 |       0 |    1520 |   0.0 |       0 |      19 |   0.0 |  1203
           D:7 |       0 |     497 |   0.0 |       0 |       9 |   0.0 |   549
         Sewer |       0 |     286 |   0.0 |       0 |      49 |   0.0 |  1066
               +---------+---------+-------+---------+---------+-------+---------
